AoeStats
← Panzer Panther

Nomad

510623496Analyzed
2v2 RM · 15h ago on Oct 1, 2026· 51m 0s· 4 players
Game mode
Random Map
Map size
176×176
Population
200
Speed
Normal
Resources
Standard
Victory
Conquest
Starting age
Dark Age
Ending age
Imperial Age
RankedLock teamsTeams togetherTeam positionsShared explorationLock speedFull tech treeHidden civsTurbo modeCheats
Victory
Defeat
🇨🇳 Georgians · China
1474
+15
🇨🇴 Huns · Colombia
1430
+16
🇦🇷 Danes · Argentina
1445
-16
🇦🇷 Huns · Argentina
1437
-15
Volrath
7:02 Loom
14:14 Feudal Age
14:44 Double-Bit Axe
14:42 Fishing Lines
15:03 Town Watch
15:34 Gold Mining
18:48 Castle Age
16:53 Stone Mining
18:08 Wheelbarrow
19:54 Bloodlines
20:16 Bow Saw
19:58 Gillnets
20:31 Husbandry
21:39 Gold Shaft Mining
21:54 Horse Collar
23:09 Fletching
24:14 Hand Cart
24:39 Bodkin Arrow
29:44 Imperial Age
28:26 Demolition Ship
29:18 Marauders
29:28 Scale Barding Armor
32:47 Conscription
33:05 Chain Barding Armor
37:55 Plate Barding Armor
40:10 Guilds
41:28 Forging
41:19 Bracer
43:50 Iron Casting
神明
3:50 Loom
14:18 Feudal Age
18:34 Castle Age
17:26 Horse Collar
17:38 Double-Bit Axe
17:56 Fishing Lines
25:59 Wheelbarrow
27:41 Scale Barding Armor
27:46 Forging
33:48 Heavy Plow
34:08 Bloodlines
33:59 Husbandry
37:20 Imperial Age
36:17 Hand Cart
35:47 Town Watch
36:37 Padded Archer Armor
36:59 Chain Barding Armor
38:40 Conscription
40:20 Leather Archer Armor
39:28 Elite Skirmisher
40:56 Fletching
40:45 Elite Monaspa
44:46 Plate Barding Armor
47:25 Iron Casting
46:46 Bodkin Arrow
47:25 Crop Rotation
Panzer Panther
4:27 Loom
14:05 Feudal Age
14:50 Double-Bit Axe
16:54 Forging
18:45 Castle Age
16:51 Padded Archer Armor
17:30 Gold Mining
20:22 Fletching
22:50 Bodkin Arrow
24:32 Bloodlines
24:23 Husbandry
27:31 Leather Archer Armor
31:10 Thumb Ring
32:49 Wheelbarrow
36:56 Imperial Age
34:32 Stone Mining
34:25 Horse Collar
36:01 Ballistics
38:12 Heavy Cavalry Archer
41:05 Bracer
41:13 Scale Barding Armor
41:19 Forging
El_Rustico29
7:08 Loom
13:14 Feudal Age
17:24 Castle Age
18:19 Double-Bit Axe
19:03 Scale Mail Armor
19:07 Squires
21:36 Fishing Lines
24:35 Bow Saw
24:56 Fletching
26:24 Bodkin Arrow
31:01 Imperial Age
38:01 Chain Mail Armor
40:00 Forging
44:10 Plate Mail Armor
44:15 Iron Casting
43:27 Arson
46:07 Wheelbarrow
47:34 Blast Furnace
46:58 Horse Collar
48:18 Elite Jomsviking
50:15 Conscription
Connection lost

Rejoining the realm…

Still unreachable

The connection could not be restored.

Session expired

The server has moved on; the page needs a fresh start.